 Dungeon Crawl Stone Soup version 0.23-a0-644-gb60d84b (webtiles) character file.

506 Amnesiac the Ducker (level 6, -1/48 HPs)
             Began as a Spriggan Berserker on Jan 1, 2019.
             Was a Priest of Trog.
             Slain by a gnoll
             ... wielding a +0 halberd
              (18 damage)
             ... on level 4 of the Dungeon.
             The game lasted 00:06:33 (3967 turns).

Amnesiac the Ducker (Spriggan Berserker)            Turns: 3967, Time: 00:06:34

Health: -1/48      AC:  0    Str: 20    XL:     6   Next: 97%
Magic:  7/7        EV: 22    Int:  9    God:    Trog [***...]
Gold:   178        SH:  0    Dex: 15    Spells: 5/5 levels left

rFire    + . .     SeeInvis +   a - +1 falchion (holy)
rCold    . . .     Gourm    .   (shield restricted)
rNeg     . . .     Faith    .   k - +0 robe (curse)
rPois    .         Spirit   .   (helmet restricted)
rElec    .         Reflect  .   (no cloak)
rCorr    .         Harm     .   (gloves unavailable)
MR       +....                  (boots unavailable)
Stlth    ..........             (no amulet)
HPRegen  0.16/turn              f - ring of protection from fire
MPRegen  0.10/turn              b - -2 ring of protection (curse)

@: berserking, very quick
A: very small, unfitting armour, see invisible, herbivore, speed 3, slow
metabolism 2
a: Berserk, Trog's Hand, Renounce Religion


You were on level 4 of the Dungeon.
You worshipped Trog.
Trog was most pleased with you.
You were full.

You visited 1 branch of the dungeon, and saw 4 of its levels.

You collected 178 gold pieces.

Inventory:

Hand Weapons
 a - a +1 falchion of holy wrath (weapon)
Missiles
 c - 2 throwing nets
 d - 2 curare-tipped needles
 i - 8 poisoned needles
 q - 4 tomahawks (quivered)
Armour
 k - a cursed +0 robe (worn)
Jewellery
 b - a cursed -2 ring of protection (right hand)
 f - a ring of protection from fire (left hand)
 g - an uncursed ring of protection from magic
 n - an uncursed ring of flight {unknown}
Wands
 l - a wand of digging (5)
 m - a wand of polymorph (5)
Scrolls
 j - 2 scrolls of enchant armour {!r}
 p - a scroll of identify {!r}
Potions
 e - 2 potions of ambrosia {!q}
 h - a potion of flight {!q}
 o - a potion of heal wounds {!q}


   Skills:
 - Level 3.0 Fighting
 * Level 5.4 Long Blades
 + Level 7.2 Dodging


You had 5 spell levels left.
You didn't know any spells.
Your spell library contained the following spells:

 Spells                   Type           Power        Failure   Level  Hunger
 Confusing Touch          Hex            #.....       38%         1    ##.....
 Confuse                  Hex            #.......     77%         3    ####...
 Gell's Gravitas          Tloc           #.........   77%         3    ####...
 Petrify                  Tmut/Erth      #.......     99%         4    #####..
 Metabolic Englaciation   Hex/Ice        #.........   100%        5    ######.
 Yara's Violent Unravell  Hex/Tmut       #.........   100%        5    ######.


Dungeon Overview and Level Annotations

Branches:
Dungeon (4/15)
 Temple: D:4-7

Altars:
Makhleb


Innate Abilities, Weirdness & Mutations

You are very small and have problems with some larger weapons.
You are too small for most types of armour.
You have supernaturally acute eyesight. (SInv)
You are a herbivore.
You cover ground extremely quickly.
You need to consume almost no food.


Message History

You eat one of the 2 rations.
That ration really hit the spot!
You eat the ration.
That ration really hit the spot!
You see here a quarterstaff. 2 gnolls come into view.
The gnoll shouts! x2; You hear a shout!
There are monsters nearby!
There are monsters nearby!
The gnoll throws a throwing net.
The throwing net barely misses you.
The gnoll throws a throwing net.
The throwing net completely misses you.
You see here 2 throwing nets.
c - 2 throwing nets
There is a stone staircase leading up here.
You climb upwards.
There is a stone staircase leading down here.
There is a stone staircase leading down here.
You start resting.
You feel yourself speed up.
You start resting.
You recover from your berserk rage.
You start resting.
HP restored.
You climb downwards.
There is a stone staircase leading up here.
Found a stone staircase leading down. 2 gnolls come into view.
There are monsters nearby!
The gnoll shouts! x2
The gnoll shouts!
The gnoll closely misses you. The gnoll completely misses you.
You hit the gnoll.
The gnoll is lightly wounded.
The gnoll misses you. The gnoll completely misses you.
You hit the gnoll.
The gnoll is lightly wounded.
The gnoll hits you from afar with a +0 halberd.
The gnoll closely misses you. x2
You closely miss the gnoll.
The gnoll is lightly wounded.
The gnoll completely misses you. The gnoll hits you with a +0 club!
The gnoll misses you. The gnoll closely misses you.
A red film seems to cover your vision as you go berserk!
You feel yourself moving faster!
You feel mighty! The gnoll hits you with a +0 club.
* * * LOW HITPOINT WARNING * * *
The gnoll hits you from afar with a +0 halberd!
* * * LOW HITPOINT WARNING * * *
The gnoll barely misses you.
You riposte.
You slash the gnoll!
You kill the gnoll!
Trog accepts your kill. The gnoll misses you.
You slash the gnoll!
The gnoll is almost dead.
The gnoll misses you.
You riposte.
You closely miss the gnoll.
The gnoll is almost dead.
You slash the gnoll!
You kill the gnoll!
Trog accepts your kill. The gnoll completely misses you. The gnoll misses you.
You slash the gnoll!
You kill the gnoll!
Trog accepts your kill.
The gnoll hits you from afar with a +0 halberd!!
You die...

.#...<#########..#######.........
......................##.........
.##.############.####.##.........
..#.# #..# #.##.......#. ..#.#
##.# #..######.##. ....#
#####.####.######.##. ..###
#.................... ###
#..)..#####)#####.### #.g.@)#
#.#####.### #.....## #)#........
#......# #[[........ #......##
##.)...รท... #....<..# #)........
#.......## ##..!..... #...#....#
#........ #...###..# #........
#...###g.# #........


You could see a gnoll.

Vanquished Creatures
  An ogre (D:3)
  A scorpion (D:4)
  2 hounds (D:4)
  2 orc wizards (D:4)
  Natasha (thrice) (D:3)
  Robin (D:3)
  3 gnolls (D:4)
  4 adders
  3 worms
  3 dart slugs
  2 leopard geckos
  11 orcs
  3 giant cockroaches
  13 goblins
  7 hobgoblins
  7 jackals
  5 kobolds
  A quokka (D:3)
  2 ball pythons
  7 bats
  A frilled lizard (D:4)
  A quokka skeleton (D:4)
  3 rats
86 creatures vanquished.

Notes
Turn   | Place    | Note
-------+----------+-------------------------------------------
     0 | D:1      | Amnesiac the Spriggan Berserker began the quest for the
                  | Orb.
     0 | D:1      | Reached XP level 1. HP: 11/11 MP: 2/2
   175 | D:1      | Reached XP level 2. HP: 9/16 MP: 3/3
   706 | D:2      | Reached XP level 3. HP: 15/19 MP: 4/4
   757 | D:2      | Reached skill level 5 in Dodging
   840 | D:2      | Reached ** piety under Trog
  1358 | D:3      | Noticed an ogre
  1527 | D:3      | Reached XP level 4. HP: 8/23 MP: 5/5
  2400 | D:3      | Killed an ogre
  2400 | D:3      | Reached XP level 5. HP: 28/28 MP: 6/6
  2511 | D:3      | Noticed Natasha
  2514 | D:3      | Killed Natasha
  2514 | D:3      | Reached skill level 6 in Dodging
  2520 | D:3      | Noticed Robin
  2602 | D:3      | Killed Robin
  2708 | D:3      | Noticed Natasha
  2716 | D:3      | Killed Natasha
  2788 | D:3      | Noticed Natasha
  2804 | D:3      | Killed Natasha
  2804 | D:3      | Reached XP level 6. HP: 30/32 MP: 7/7
  3261 | D:4      | Found a burning altar of Makhleb.
  3313 | D:4      | Reached *** piety under Trog
  3662 | D:4      | Reached skill level 5 in Long Blades
  3688 | D:4      | Reached skill level 7 in Dodging
  3967 | D:4      | Slain by a gnoll

Vault maps used:
D:1:      minmay_arrival_five_plusses, minmay_3d_cube
D:3:      uniq_robin, uniq_natasha
D:4:      makhleb_heckhound_becter, minmay_unequal

Skill      XL: |  1  2  3  4  5  6 |
---------------+-------------------+-----
Long Blades    | 3 4 5 |  5.4
Dodging        | 5 6 7 |  7.2
Fighting       | 3 |  3.0

Action                   |  1- 3 |  4- 6 || total
-------------------------+-------+-------++-------
Melee: Falchion          |   112 |   185 ||   297
Invok: Berserk           |       |     9 ||     9
  Use: Scroll            |     4 |       ||     4
       Potion            |       |     2 ||     2
 Stab: Sleeping          |     3 |       ||     3
  Eat: Ration            |       |     8 ||     8
Armor: Animal skin       |     8 |       ||     8
       Robe              |     4 |     3 ||     7
Dodge: Dodged            |   118 |   159 ||   277
       Rpst.: Falchion   |    37 |    40 ||    77

Table legend:
 A = Non-vault XP
 B = Vault XP
 C = Vault XP percentage of total XP
 D = Non-vault monster count
 E = Vault monster count
 F = Vault count percentage of total count
                 A         B        C        D         E       F
            +---------+---------+-------+---------+---------+-------
      Total |     606 |     118 |  16.3 |      71 |      15 |  17.4
            +---------+---------+-------+---------+---------+-------
        D:1 |      26 |       5 |  16.1 |      14 |       3 |  17.6
        D:2 |      42 |       0 |   0.0 |      16 |       0 |   0.0
        D:3 |     273 |      64 |  19.0 |      23 |       9 |  28.1
        D:4 |     265 |      49 |  15.6 |      18 |       3 |  14.3
            +---------+---------+-------+---------+---------+-------
